AoeStats
← Dobby

Nomad

509630297Analyzed
3v3 RM · 5d ago on Sep 27, 2026· 48m 35s· 6 players
Game mode
Random Map
Map size
210×210
Population
200
Speed
Normal
Resources
Standard
Victory
Conquest
Starting age
Dark Age
Ending age
Imperial Age
RankedLock teamsTeams togetherTeam positionsShared explorationLock speedFull tech treeHidden civsTurbo modeCheats
Victory
Defeat
🇮🇳 Bohemians · India
1393
+17
🇮🇳 Berbers · India
1377
+17
1342
+19
🇪🇸 Danes · Spain
1429
-19
🇪🇸 Cumans · Spain
1413
-18
🇪🇸 Mongols · Spain
1368
-16
Comrades of Kankidiot
4:53 Loom
13:42 Feudal Age
17:15 Castle Age
15:23 Fletching
15:23 Double-Bit Axe
17:19 Crossbowman
17:55 Bodkin Arrow
30:00 Ballistics
29:57 Padded Archer Armor
30:57 Wheelbarrow
30:10 Horse Collar
38:05 Imperial Age
38:23 Arbalester
40:44 Conscription
42:09 Bracer
44:40 Leather Archer Armor
47:18 Chemistry
46:34 Hand Cart
46:22 Heavy Plow
46:34 Bow Saw
47:04 Onager
48:25 Coinage
Weary Sigh
4:35 Loom
13:13 Feudal Age
14:03 Double-Bit Axe
16:16 Fletching
21:27 Town Watch
22:26 Horse Collar
23:54 Wheelbarrow
27:31 Castle Age
29:06 Medium Warships
28:52 Bodkin Arrow
29:19 Demolition Ship
30:25 Careening
30:26 Clinker Construction
37:32 Chemistry
46:25 Imperial Age
45:52 Wagenburg Tactics
47:25 Hand Cart
47:18 Hussite Reforms
47:33 Conscription
47:33 Bracer
48:26 Coinage
48:22 Redemption
48:12 Atonement
48:23 Fervor
48:38 Illumination
49:30 Banking
Dobby
6:07 Loom
14:42 Feudal Age
16:04 Wheelbarrow
18:18 Castle Age
18:11 Fishing Lines
18:39 Town Watch
19:13 Double-Bit Axe
22:43 Fletching
23:26 Bodkin Arrow
24:07 Bow Saw
24:12 Horse Collar
28:31 Gold Mining
30:04 Ballistics
32:17 Wheelbarrow
31:53 Padded Archer Armor
39:23 Imperial Age
39:41 Leather Archer Armor
40:30 Bracer
41:18 Heavy Plow
42:38 Hand Cart
43:01 Conscription
44:49 Ring Archer Armor
44:30 Bloodlines
44:21 Husbandry
46:28 Chemistry
45:34 Kasbah
47:53 Scale Barding Armor
47:12 Cavalier
48:34 Forging
lusamatusa
9:45 Loom
13:23 Feudal Age
13:57 Double-Bit Axe
15:40 Fletching
18:49 Gold Mining
22:17 Castle Age
22:15 Town Watch
23:10 Medium Warships
27:09 Bodkin Arrow
30:58 Ballistics
46:40 Imperial Age
45:21 Padded Archer Armor
46:36 Wheelbarrow
45:47 Elite Skirmisher
47:29 Leather Archer Armor
47:58 Bracer
Han
4:51 Loom
12:51 Feudal Age
19:29 Castle Age
19:13 Horse Collar
22:14 Double-Bit Axe
24:33 Gold Mining
26:49 Scale Barding Armor
30:28 Bow Saw
31:07 Chain Barding Armor
31:04 Bloodlines
32:34 Capped Ram
38:09 Wheelbarrow
37:38 Heavy Plow
38:02 Elite Skirmisher
41:46 Fletching
41:57 Padded Archer Armor
42:27 Bodkin Arrow
43:39 Leather Archer Armor
MMiguel
13:37 Feudal Age
17:56 Castle Age
16:33 Stone Mining
18:26 Double-Bit Axe
27:55 Fletching
28:05 Padded Archer Armor
29:24 Bodkin Arrow
30:39 Ballistics
34:33 Leather Archer Armor
44:06 Imperial Age
42:54 Elite Skirmisher
43:48 Horse Collar
45:34 Thumb Ring
48:21 Bracer
Connection lost

Rejoining the realm…

Still unreachable

The connection could not be restored.

Session expired

The server has moved on; the page needs a fresh start.